 Dungeon Crawl Stone Soup version 0.29.0-5-ge4962eb29e (webtiles) character file.

Game seed: 6062070770587672281

438 Zeldest the Trooper (level 6, 0/49 HPs)
             Began as a Mummy Chaos Knight on Aug 29, 2022.
             Was a Priest of Ignis.
             Slain by an ogre
             ... wielding a +0 giant club
              (18 damage)
             ... on level 4 of the Dungeon.
             The game lasted 00:05:01 (4332 turns).

Zeldest the Trooper (Mummy Chaos Knight)            Turns: 4332, Time: 00:05:02

Health: 0/49       AC: 14    Str: 15    XL:     6   Next: 69%
Magic:  11/11      EV: 11    Int: 14    God:    Ignis [***...]
Gold:   149        SH:  0    Dex: 11    Spells: 10/11 levels left

rFire   . . .      SeeInvis .     - Unarmed
rCold   + . .      Faith    .   (no shield)
rNeg    + + +      Spirit   .   a - +2 leather armour
rPois   ∞          Reflect  .   l - +1 hat
rElec   .          Harm     .   (no cloak)
rCorr   +          Rampage  .   g - +0 pair of gloves
Will    .....                   (no boots)
Stlth   +.........              (no amulet)
HPRegen 0.16/turn               e - ring of resist corrosion
MPRegen 0.12/turn               (no ring)

@: fiery-armoured
A: cold resistance 1, negative energy resistance 3, torment resistance 2, heat
vulnerability 1, in touch with death 1, no potions
a: Renounce Religion, Fiery Armour, Foxfire Swarm, Rising Flame


You were on level 4 of the Dungeon.
You worshipped Ignis.
Ignis was most pleased with you.
You visited 1 branch of the dungeon, and saw 4 of its levels.

You collected 149 gold pieces.

Inventory:

Armour
 a - a +2 leather armour (worn)
 g - a +0 pair of gloves (worn)
 l - a +1 hat (worn)
Jewellery
 e - a ring of resist corrosion (left hand)
Scrolls
 c - 2 scrolls of enchant armour {unknown}
 d - a scroll of summoning {unknown}
 f - a scroll of immolation {unknown}
 h - 2 scrolls of teleportation {unknown}
 i - 2 scrolls of silence {unknown}
 j - 2 scrolls of identify {unknown}
 k - a scroll of blinking {unknown}
Miscellaneous
 b - a piece from Xom's chessboard (15/15) (quivered)


   Skills:
 + Level 4.7 Fighting
 + Level 1.2 Long Blades
 - Level 2.2 Armour
 - Level 1.6 Dodging
 - Level 2.4 Unarmed Combat
 + Level 3.3 Spellcasting
 + Level 2.9 Fire Magic


You had 10 spell levels left.
You knew the following spells:

 Your Spells              Type           Power      Damage    Failure   Level
a - Foxfire               Conj/Fire      24%        2x1d5     14%         1

Your spell library contained the following spells:

 Spells                   Type           Power      Damage    Failure   Level
 Conjure Flame            Conj/Fire      6%         6-21      38%         3
 Inner Flame              Hex/Fire       6%         N/A       38%         3
 Flame Wave               Conj/Fire      6%         2d5       80%         4
 Animate Armour           Summ/Erth      4%         N/A       94%         4
 Summon Cactus Giant      Summ           1%         N/A       100%        6


Dungeon Overview and Level Annotations

Branches:
Dungeon (4/15)
 Temple: D:4-7

Altars:
Makhleb
Trog
Ignis

Shops:
D:2 (

Annotations:
D:3 1 runed translucent door, Crazy Yiuf


Innate Abilities, Weirdness & Mutations

You are immune to poison.
Your flesh is cold resistant. (rC+)
You are immune to negative energy. (rN+++)
You are immune to unholy pain and torment.
You are vulnerable to heat. (rF-)
You are in touch with the powers of death.
You do not drink.


Message History

The orc throws a silver boomerang.
The silver boomerang closely misses you.
An ogre comes into view. It is wielding a +0 giant club.
The ogre shouts!
The orc hits you with a +0 whip.
You hit the orc.
The orc is moderately wounded.
The orc barely misses you.
You barely miss the orc.
The orc is moderately wounded.
The orc hits you with a +0 whip.
You hit the orc.
You kill the orc!
The ogre misses you.
You hit the ogre but do no damage.
Okay, then.
A protective cloak of flame settles atop you.
The ogre hits you with a +0 giant club!
The ogre is burned by your cloak of flames.
The ogre is moderately wounded.
You hit the ogre.
The ogre is moderately wounded.
The ogre hits you with a +0 giant club.
The ogre is burned by your cloak of flames.
The ogre is heavily wounded.
The orc hits you but does no damage.
You hit the ogre.
The ogre is heavily wounded.
The orc closely misses you.
You barely miss the ogre.
The ogre is heavily wounded.
The ogre hits you with a +0 giant club!
The ogre is burned by your cloak of flames.
The ogre is severely wounded.
The orc hits you but does no damage.
You hit the ogre.
The ogre is almost dead.
The orc misses you.
The ogre hits you with a +0 giant club!!
You die...

......# ......
....## ..... #...
#### #.. ###..#
###.####....#
#.)oO.##....###
#.....#@.#.....#.#
....#.##...#......##
...#.. ##..##......#
. #.. .#..........#
## ##.
............##.### #
#....######).....#
.#.#...### #......#
...#.....####....##
..........####.####


You could see an ogre and an orc.

Vanquished Creatures
  Sigmund (D:2)
  A black bear (D:4)
  A hound (D:4)
  An orc wizard (D:3)
  4 adders
  A dart slug (D:2)
  6 orcs
  4 bats
  12 endoplasms
  13 giant cockroaches
  3 goblins (D:1)
  4 hobgoblins (D:2)
  2 jackals (D:1)
  14 kobolds
  4 quokkas (D:1)
  4 ball pythons
  5 frilled lizards
  3 rats (D:2)
83 creatures vanquished.

Vanquished Creatures (others)
  10 foxfires (D:2)
  A plant (D:2)
11 creatures vanquished.

Grand Total: 94 creatures vanquished

Notes
Turn   | Place    | Note
-------+----------+-------------------------------------------
     0 | D:1      | Zeldest the Mummy Chaos Knight began the quest for the Orb.
     0 | D:1      | Reached XP level 1. HP: 18/18 MP: 1/1
   125 | D:1      | XOM: divination: detect items
   151 | D:1      | XOM: divination: detect items
   184 | D:1      | Reached skill level 1 in Dodging
   274 | D:1      | XOM: smoke on damage
   277 | D:1      | Reached XP level 2. HP: 20/24 MP: 2/2
   503 | D:1      | Got the Guide on Leadership
   638 | D:1      | Found a faded altar of an unknown god.
   662 | D:1      | XOM: noise
   691 | D:1      | Prayed at the altar of an unknown god.
   691 | D:1      | Fell from the grace of Xom
   691 | D:1      | Became a worshipper of Ignis, the Dying Flame
   831 | D:1      | Gained mutation: You are in touch with the powers of death.
                  | [Mummy growth]
   831 | D:1      | Reached XP level 3. HP: 22/29 MP: 3/3
  1706 | D:2      | XOM: stat loss: -2 Str (13/15)
  1962 | D:2      | Learned a level 1 spell: Foxfire
  2062 | D:2      | Noticed Sigmund
  2068 | D:2      | Killed Sigmund
  2069 | D:2      | Reached skill level 4 in Fighting
  2069 | D:2      | Reached XP level 4. HP: 25/37 MP: 3/7
  2069 | D:2      | Reached XP level 5. HP: 28/42 MP: 3/8
  2204 | D:2      | Found Edasiburgh's Weapon Shop.
  2623 | D:3      | Found a bloodstained altar of Trog.
  2650 | D:3      | Found a burning altar of Makhleb.
  2663 | D:3      | Reached XP level 6. HP: 46/48 MP: 9/9
  2781 | D:4      | Reached skill level 1 in Long Blades
  3300 | D:3      | Found a runed translucent door.
  3301 | D:3      | Noticed Crazy Yiuf
  3764 | D:3      | XOM: divination: detect creatures
  3887 | D:3      | XOM: noise
  4137 | D:3      | XOM: silly message
  4332 | D:4      | Slain by an ogre

Illustrated notes

Levels and vault maps discovered:
D:1:      dpeg_arrival_round_b, layout_basic,
          hellmonk_ecumenical_altar_leap_of_faith
D:2:      layout_loops_cross, serial_shops,
          nicolae_shop_temple_entry_statues_fountains, serial_bayou_pond_b,
          minmay_fractal_squares_5, uniq_sigmund
D:3:      minmay_roachtagon, layout_basic, bloody_makhleb,
          mainiacjoe_overflow_boulevard, uniq_crazy_yiuf_cottage
D:4:      layout_cave_pools, okawaru_metal_pillars_1_2, serial_shops,
          nicolae_take_the_stairs

Skill      XL: |  1  2  3  4  5  6 |
---------------+-------------------+-----
Dodging        | 1 |  1.6
Armour         | 2 |  2.2
Fighting       | 4 |  4.7
Spellcasting   | 2 3 |  3.3
Fire Magic     | 2 |  2.9
Long Blades    | 1 |  1.2
Unarmed Combat | |  2.4

Action                   |  1- 3 |  4- 6 || total
-------------------------+-------+-------++-------
Melee: Unarmed           |   253 |   122 ||   375
       Punch             |     3 |     3 ||     6
Invok: Fiery Armour      |     1 |     3 ||     4
       Foxfire Swarm     |     1 |       ||     1
Armor: Leather armour    |   120 |    72 ||   192
Dodge: Dodged            |   172 |    92 ||   264
